 Dungeon Crawl Stone Soup version 0.20.1-1-g8b1a95d (webtiles) character file.

73 Kingsmith the Shield-Bearer (level 4, 0/23 HPs)
             Began as a Vine Stalker Fighter on Dec 8, 2017.
             Slain by Grinder (2 damage)
             ... on level 2 of the Dungeon.
             The game lasted 00:01:55 (1545 turns).

Kingsmith the Shield-Bearer (Vine Stalker Fighter)  Turns: 1545, Time: 00:01:56

Health: 0/23       AC: 13    Str: 20    XL:     4   Next: 27%
Magic:  0/5        EV:  7    Int:  8    God:
Gold:   90         SH: 10    Dex: 13    Spells: 3/3 levels left

rFire    . . .     SeeInvis .   i - +2 dagger (protect)
rCold    . . .     Gourm    .   b - +0 shield
rNeg     . . .     Faith    .   a - +0 scale mail
rPois    .         Spirit   +   (no helmet)
rElec    .         Reflect  .   (no cloak)
rCorr    .         Harm     .   (no gloves)
MR       .....                  (no boots)
Stlth    ..........             (no amulet)
Regen    0.5/turn               (no ring)
MPRegen  0.1/turn               (no ring)

@: protection aura
A: fangs 2, regeneration 1, magic shield, antimagic bite, no potion heal 3, rot
immunity
a: no special abilities


You were on level 2 of the Dungeon.
You were not hungry.

You visited 1 branch of the dungeon, and saw 3 of its levels.

You collected 90 gold pieces.

Inventory:

Hand Weapons
 i - a +2 dagger of protection (weapon)
Armour
 a - a +0 scale mail (worn)
 b - a +0 shield (worn)
Jewellery
 q - an uncursed ring of ice {unknown}
Scrolls
 e - 3 scrolls of remove curse {unknown}
 h - a scroll of fear {unknown}
 j - a scroll of teleportation {unknown}
 p - a scroll of amnesia {unknown}
Potions
 c - 2 potions of might
 f - a potion of heal wounds {unknown}
 g - a potion of curing {unknown}
 l - 2 potions of invisibility {unknown}
 n - 2 potions of flight {unknown}
 o - a potion of resistance {unknown}
Books
 m - a book of Misfortune

   Spells                             Type                      Level
   a - Confusing Touch                Hexes                        1
   b - Confuse                        Hexes                        3
   c - Gell's Gravitas                Translocation                3
   d - Petrify                        Transmutation/Earth          4
   e - Metabolic Englaciation         Hexes/Ice                    5
   f - Yara's Violent Unravelling     Hexes/Transmutation          5
Comestibles
 d - 3 bread rations
 k - a meat ration


   Skills:
 - Level 2.6 Fighting
 - Level 2.4 Armour
 + Level 4.5 Shields
 - Level 2.0 Unarmed Combat


You had 3 spell levels left.
You didn't know any spells.

Dungeon Overview and Level Annotations

Branches:
Dungeon (3/15)

Altars:

Annotations:
D:2 Grinder


Innate Abilities, Weirdness & Mutations

You have extremely sharp teeth.
Your natural rate of healing is unusually fast.
When hurt, damage is shared between your health and your magic reserves.
Your bite disrupts and absorbs the magic of your enemies.
Potions cannot restore your health.
You are immune to rotting.


Message History

* * * LOW HITPOINT WARNING * * *
Grinder hits you but does no damage.
You hit Grinder but do no damage.
Grinder is heavily wounded.
You block Grinder's attack.
You hit Grinder but do no damage. Your bite misses Grinder.
Grinder is heavily wounded.
You block Grinder's attack.
Your shield and scale mail prevent you from hitting Grinder.
You bite Grinder.
Grinder's magic leaks into the air.
You drain her magic.
You feel invigorated.
Grinder is severely wounded.
Grinder barely misses you.
You hit Grinder. You bite Grinder.
Grinder's magic leaks into the air.
You drain her magic.
You feel invigorated.
Grinder is severely wounded.
Grinder hits you.
* * * LOW HITPOINT WARNING * * *
You writhe in agony.
You die...

#.###.....#...........#
#####..##.#..###.#.#.#.#.##
#.........................#
#.......##...#.#.#.#.#.#.##
#.......##.......†........#
#..............#>#.#.#.#.##
#.....................####
#.....................########
#......#......@5.....).......#
#
#......##.#.###....#.........#
# #......##.#.#
####.#.........# #
#########.#.# ###.#.........#
# #.#.# #...#.........# #
#(#.####.############# #
#.(.....(# # #...###### #
#..(#


You could see Grinder.

Vanquished Creatures
  An adder (D:2)
  A worm (D:2)
  2 dart slugs (D:1)
  5 leopard geckos
  2 ball pythons
  4 giant cockroaches
  6 hobgoblins
  3 bats
  5 frilled lizards
  11 goblins
  4 kobolds
  6 rats
50 creatures vanquished.

Notes
Turn   | Place    | Note
-------+----------+-------------------------------------------
     0 | D:1      | Kingsmith the Vine Stalker Fighter began the quest for the Orb.
     0 | D:1      | Reached XP level 1. HP: 11/11 MP: 2/2
    43 | D:1      | Reached skill level 3 in Shields
   317 | D:1      | Reached XP level 2. HP: 16/16 MP: 3/3
   766 | D:1      | Reached XP level 3. HP: 19/19 MP: 4/4
  1137 | D:2      | Reached skill level 4 in Shields
  1240 | D:2      | Gained mutation: Your natural rate of healing is unusually fast. [Vine Stalker growth]
  1240 | D:2      | Reached XP level 4. HP: 20/23 MP: 5/5
  1505 | D:3      | Noticed Grinder
  1518 | D:2      | Paralysed by Grinder for 4 turns
  1524 | D:2      | Paralysed by Grinder for 2 turns
  1541 | D:2      | HP: 1/23 [Grinder/nerve-wracking pain (5)]
  1545 | D:2      | Slain by Grinder

Skill      XL: |  1  2  3 |
---------------+----------+-----
Shields        | 3 4 |  4.5
Fighting       | |  2.6
Armour         | |  2.4
Unarmed Combat | |  2.0

Action                   |  1- 3 |  4- 6 || total
-------------------------+-------+-------++-------
Melee: Unarmed           |    68 |       ||    68
       Bite              |    28 |    14 ||    42
       Dagger            |    42 |    48 ||    90
  Eat: Chunk             |     1 |     1 ||     2
Armor: Scale mail        |    29 |    14 ||    43
Dodge: Dodged            |    18 |     7 ||    25
Block: Shield            |    48 |    24 ||    72
